[Event "Titled Tuesday Blitz June 20 Early 2023"]
[White "Kjartansson, David"]
[Black "Tanmay Jain"]
[WhiteFideId "2301130"]
[BlackFideId "45015481"]
[WhiteElo "2333"]
[BlackElo "2032"]
[Result "1-0"]
[Round "3"]
[TimeControl "180+2"]
[Date "2023.06.20"]
[WhiteClock "0:00:51"]
[BlackClock "0:00:00"]
[Board "107"]

1. d4 Nf6 2. Nc3 d5 3. Bf4 e6 4. Nb5 Na6 5. e3 c6 6. Nc3 Nc7 7. Bd3 Bd6 8. Nf3 O-O 9. O-O Nfe8 10. Bxd6 Qxd6 11. e4 dxe4 12. Nxe4 Qe7 13. c4 h6 14. Re1 Nf6 15. Ng3 b6 16. Qc2 Bb7 17. c5 Ncd5 18. Nf5 Qc7 19. Nd6 Nb4 20. Qd2 Nxd3 21. Qxd3 Rad8 22. b4 a5 23. a3 Nd5 24. Rab1 axb4 25. axb4 b5 26. Ne5 Ra8 27. Rb3 Ra4 28. Qd2 Ne7 29. h4 Ra7 30. Rg3 Nf5 31. Nxf5 exf5 32. Qxh6 f6 33. h5 fxe5 34. Rxe5 Raa8 35. Qe6+ Qf7 36. h6 Qxe6 37. Rxg7+ Kh8 38. Rxe6 Bc8 39. Ree7 1-0


[Site "https://www.chess.com"]

[Event "Titled Tuesday Blitz June 20 Early 2023"]
[White "Moskvin, Anatoly"]
[Black "Skawinski, Arkadiusz"]
[WhiteFideId "24199990"]
[BlackFideId "1126415"]
[WhiteElo "2104"]
[BlackElo "2218"]
[Result "1-0"]
[Round "3"]
[TimeControl "180+2"]
[Date "2023.06.20"]
[WhiteClock "0:01:42"]
[BlackClock "0:01:04"]
[Board "108"]

1. e4 e6 2. Nf3 d5 3. e5 c5 4. b4 cxb4 5. d4 Nc6 6. a3 Bd7 7. h4 h5 8. Bd3 Nh6 9. Nbd2 bxa3 10. c3 a6 11. Ng5 Nf5 12. g3 Be7 13. Bxa3 Rc8 14. Bxf5 exf5 15. Qb3 Na5 16. Qxd5 Bc6 17. Qxf7+ Kd7 18. d5 1-0


[Site "https://www.chess.com"]

[Event "Titled Tuesday Blitz June 20 Early 2023"]
[White "djokovic74"]
[Black "Rohde, Michael"]
[BlackFideId "2000172"]
[WhiteElo "2622"]
[BlackElo "2274"]
[Result "1-0"]
[Round "3"]
[TimeControl "180+2"]
[Date "2023.06.20"]
[WhiteClock "0:01:49"]
[BlackClock "0:00:11"]
[Board "109"]

1. e4 c5 2. Nf3 e6 3. d4 cxd4 4. Nxd4 a6 5. c4 Nf6 6. Nc3 Qc7 7. Be2 Bb4 8. Nc2 Bxc3+ 9. bxc3 O-O 10. Ba3 Re8 11. Bd6 Qc6 12. f3 e5 13. Nb4 Qb6 14. c5 Qa5 15. O-O b6 16. Nd5 Nxd5 17. Qxd5 Nc6 18. Bc4 Re6 19. Qd3 Rh6 20. Rab1 b5 21. Bd5 Qd8 22. f4 exf4 23. Rxf4 Re6 24. Rbf1 f6 25. e5 Bb7 26. exf6 1-0


[Site "https://www.chess.com"]

[Event "Titled Tuesday Blitz June 20 Early 2023"]
[White "LangesNasenhaar"]
[Black "Gubajdullin, Alexei"]
[BlackFideId "4141202"]
[WhiteElo "2467"]
[BlackElo "2279"]
[Result "1/2-1/2"]
[Round "3"]
[TimeControl "180+2"]
[Date "2023.06.20"]
[WhiteClock "0:00:07"]
[BlackClock "0:00:06"]
[Board "110"]

1. d4 Nf6 2. Nc3 d5 3. Bf4 c6 4. e3 Bf5 5. Nf3 h6 6. Ne5 e6 7. g4 Bh7 8. h4 Nfd7 9. Bd3 Bxd3 10. cxd3 Nxe5 11. dxe5 d4 12. Ne4 Bb4+ 13. Ke2 dxe3 14. fxe3 Nd7 15. g5 h5 16. Qb3 Qb6 17. g6 O-O-O 18. gxf7 Be7 19. Qxe6 Qxb2+ 20. Kf3 Qa3 21. Qb3 Nf8 22. Qxa3 Bxa3 23. d4 Ne6 24. Ng5 Nc7 25. e6 Be7 26. Bxc7 Kxc7 27. Ne4 Rh6 28. Rag1 Rxe6 29. Rxg7 Rf8 30. Ng5 Rf6+ 31. Ke2 Kd7 32. Rf1 Rxf1 33. Kxf1 Bf6 34. Rh7 Ke7 35. Rxh5 Bxg5 36. hxg5 Rxf7+ 37. Ke2 Rg7 38. Kd3 Ke6 39. e4 b5 40. Kc3 a5 41. a3 Rf7 42. Rh6+ Kd7 43. g6 Rf3+ 44. Kd2 Rxa3 45. Rh7+ Ke6 46. Ra7 a4 47. g7 Rg3 48. Ke2 Rg6 49. Rc7 Kd6 50. Rb7 a3 51. Kd3 Rg3+ 52. Kc2 a2 53. Ra7 Rg2+ 54. Kb3 Rxg7 55. Rxa2 Rg4 56. Re2 Rg3+ 57. Kb4 Rd3 58. d5 cxd5 59. exd5 Rxd5 60. Rh2 Kc6 61. Rh6+ Kb7 62. Rh7+ Kb6 63. Rh6+ Kb7 64. Rh7+ Kc6 65. Rh6+ Kc7 66. Rh7+ Kc6 67. Rh6+ 1/2-1/2


[Site "https://www.chess.com"]

[Event "Titled Tuesday Blitz June 20 Early 2023"]
[White "TomLiu777"]
[Black "Srdanovic, Jovana"]
[BlackFideId "954810"]
[WhiteElo "2462"]
[BlackElo "2155"]
[Result "0-1"]
[Round "3"]
[TimeControl "180+2"]
[Date "2023.06.20"]
[WhiteClock "0:00:02"]
[BlackClock "0:00:06"]
[Board "111"]

1. c4 e5 2. Nc3 Nc6 3. Nf3 Nf6 4. e4 Bb4 5. d3 d6 6. a3 Bxc3+ 7. bxc3 O-O 8. Be2 Ne7 9. O-O a6 10. Ne1 c6 11. f4 exf4 12. Bxf4 Ng6 13. Nc2 Nxf4 14. Rxf4 Qc7 15. Rxf6 gxf6 16. Ne3 Kh8 17. Bg4 Rg8 18. Bxc8 Raxc8 19. Qf3 Rg6 20. Rf1 Rcg8 21. h4 Qb6 22. d4 Qb2 23. h5 Rg3 24. Qxf6+ R8g7 25. Qd8+ Rg8 26. Qf6+ R8g7 27. Rf2 Qc1+ 28. Nf1 Qg5 29. h6 Qxf6 30. Rxf6 Rxg2+ 31. Kh1 Rg1+ 32. Kh2 R7g2+ 33. Kh3 Rg5 34. Kh2 R1g2+ 35. Kh1 R2g4 36. Rf3 Rh5+ 37. Nh2 Rgh4 38. Rf2 Rxh6 39. Kg1 Rg6+ 40. Kf1 Rhh6 41. Nf3 Rf6 42. Ke2 Rh1 43. Rg2 Rb1 44. Ke3 Rb3 45. Kd3 Rxa3 46. Ke3 Rxc3+ 47. Kd2 Rcxf3 48. e5 Rf2+ 49. Ke3 Rxg2 50. exf6 Rg3+ 0-1


[Site "https://www.chess.com"]

[Event "Titled Tuesday Blitz June 20 Early 2023"]
[White "Bettalli, Francesco"]
[Black "Ahmad, Khagan"]
[WhiteFideId "2816453"]
[BlackFideId "13431552"]
[WhiteElo "2216"]
[BlackElo "2209"]
[Result "0-1"]
[Round "3"]
[TimeControl "180+2"]
[Date "2023.06.20"]
[WhiteClock "0:01:44"]
[BlackClock "0:01:02"]
[Board "112"]

1. d4 Nf6 2. Nc3 d5 3. Bf4 a6 4. e3 c5 5. dxc5 Nc6 6. a3 e5 7. Bg5 Be6 8. b4 Be7 9. Nf3 O-O 10. Be2 h6 11. Bxf6 Bxf6 12. O-O Rc8 13. Na4 e4 14. Nd4 Bxd4 15. exd4 f5 16. f4 Qf6 17. c3 g5 18. Qd2 Kh7 19. Nb6 Rcd8 20. Rad1 Rg8 21. Qe3 Ne7 22. g3 gxf4 23. Qxf4 Ng6 24. Qc7+ Rg7 25. Nxd5 Bxd5 26. Qb6 Qxb6 27. cxb6 f4 28. c4 Bf7 29. Bg4 Bxc4 30. Rfe1 e3 31. Bf5 Kh8 32. Kg2 Bd5+ 33. Kh3 Rf8 34. Bb1 Be6+ 35. g4 Ne5 36. dxe5 Bxg4+ 37. Kh4 Bxd1 38. Rxd1 e2 39. Re1 f3 40. Bd3 f2 41. Rxe2 f1=Q 42. e6 Rf4+ 43. Kh5 Qh3# 0-1


[Site "https://www.chess.com"]

[Event "Titled Tuesday Blitz June 20 Early 2023"]
[White "ArtemDyachuk"]
[Black "Jovic, Stanoje"]
[BlackFideId "905020"]
[WhiteElo "2610"]
[BlackElo "2236"]
[Result "1-0"]
[Round "3"]
[TimeControl "180+2"]
[Date "2023.06.20"]
[WhiteClock "0:00:03"]
[BlackClock "0:00:00"]
[Board "113"]

1. Nf3 Nf6 2. c4 c5 3. g3 Nc6 4. Bg2 g6 5. O-O Bg7 6. Nc3 O-O 7. d4 cxd4 8. Nxd4 d6 9. Nc2 Be6 10. b3 Qd7 11. Bb2 Rfc8 12. Qd2 a6 13. Rfd1 Rab8 14. Rab1 b5 15. Nd5 bxc4 16. Nxf6+ Bxf6 17. Bxf6 exf6 18. bxc4 Rxb1 19. Rxb1 Bxc4 20. Ne3 Be6 21. h4 h5 22. Rb6 a5 23. Ra6 Kg7 24. a4 Rc7 25. Bxc6 Rxc6 26. Rxc6 Qxc6 27. Qxa5 d5 28. Qb4 Qa6 29. Qb5 Qa8 30. Nc2 Qa7 31. e3 Bf5 32. Nd4 Be4 33. a5 Qc7 34. a6 Qc1+ 35. Qf1 Qa3 36. Kh2 g5 37. hxg5 fxg5 38. Qb5 Qa1 39. f3 Qa2+ 40. Qe2 Qa5 41. fxe4 dxe4 42. Qxh5 Qxa6 43. Qxg5+ Kf8 44. Nf5 1-0


[Site "https://www.chess.com"]

[Event "Titled Tuesday Blitz June 20 Early 2023"]
[White "Principe, Gerson"]
[Black "Gomez Barrera, Javiera Belen"]
[WhiteFideId "3804550"]
[BlackFideId "3418723"]
[WhiteElo "2229"]
[BlackElo "2119"]
[Result "1-0"]
[Round "3"]
[TimeControl "180+2"]
[Date "2023.06.20"]
[WhiteClock "0:00:09"]
[BlackClock "0:00:07"]
[Board "114"]

1. Nf3 Nf6 2. b3 d6 3. d4 g6 4. Bb2 Bg7 5. e3 O-O 6. Be2 Re8 7. O-O a5 8. a3 b6 9. c4 Bb7 10. Nc3 Nbd7 11. b4 axb4 12. axb4 e6 13. Qb3 Qe7 14. Rfd1 Ne4 15. Nxe4 Bxe4 16. Nd2 Bb7 17. Bf3 Bxf3 18. Nxf3 Reb8 19. b5 e5 20. Ra6 exd4 21. exd4 Rxa6 22. bxa6 Ra8 23. Ra1 Ra7 24. h3 Nb8 25. Qb5 Qd7 26. Nd2 Qc8 27. Re1 Kf8 28. c5 bxc5 29. dxc5 c6 30. Bxg7+ Kxg7 31. Qb2+ f6 32. Ne4 Nd7 33. Nxd6 Qf8 34. Qd4 Rxa6 35. Ne8+ Kh6 36. Qxd7 Qxc5 37. Nxf6 Ra7 38. Ng4+ Kh5 39. Qd1 Kh4 40. Qf3 Qd6 41. g3+ Kxh3 42. Ne3 1-0


[Site "https://www.chess.com"]

[Event "Titled Tuesday Blitz June 20 Early 2023"]
[White "Lenaerts, Lennert"]
[Black "Andreev, Konstantin"]
[WhiteFideId "211435"]
[BlackFideId "24239305"]
[WhiteElo "2334"]
[BlackElo "2106"]
[Result "1-0"]
[Round "3"]
[TimeControl "180+2"]
[Date "2023.06.20"]
[WhiteClock "0:02:16"]
[BlackClock "0:00:43"]
[Board "115"]

1. d4 Nf6 2. c4 e6 3. Nc3 Bb4 4. g3 O-O 5. Bg2 d5 6. Nf3 dxc4 7. O-O Bxc3 8. bxc3 b5 9. a4 c6 10. Ne5 Nd5 11. Qc2 a5 12. e4 Nf6 13. Rd1 Bb7 14. Rb1 Qb6 15. Nxc4 Qa6 16. Nd6 Nbd7 17. e5 Nd5 18. axb5 cxb5 19. Nxb7 Qxb7 20. c4 Rac8 21. Qd3 bxc4 22. Rxb7 cxd3 23. Rxd7 Nc3 24. Rxd3 Ne2+ 25. Kf1 Nxc1 26. Ra3 Rc2 27. Be4 Ra2 28. Rxa2 Nxa2 29. Ra7 Nc3 30. Bc6 g6 31. Rxa5 Rd8 32. Rc5 Na2 33. Rc4 Rb8 34. d5 exd5 35. Bxd5 Nb4 36. Be4 Rb5 37. f4 Na6 38. Rc8+ Kg7 39. Bd3 Rb6 40. Bc4 Nc5 41. Rxc5 1-0


[Site "https://www.chess.com"]

[Event "Titled Tuesday Blitz June 20 Early 2023"]
[White "Taichman, Ori"]
[Black "Womacka, Mathias"]
[WhiteFideId "2804069"]
[BlackFideId "4611390"]
[WhiteElo "2237"]
[BlackElo "2377"]
[Result "1-0"]
[Round "3"]
[TimeControl "180+2"]
[Date "2023.06.20"]
[WhiteClock "0:00:01"]
[BlackClock "0:00:00"]
[Board "116"]

1. e4 c5 2. Nf3 d6 3. d4 cxd4 4. Nxd4 Nf6 5. Nc3 a6 6. Bg5 e6 7. f4 h6 8. Bh4 Qb6 9. Qd2 Qxb2 10. Rb1 Qa3 11. e5 dxe5 12. fxe5 g5 13. Bg3 Nh5 14. Bf2 Bg7 15. h4 Bxe5 16. hxg5 Ng3 17. Rxh6 Rxh6 18. gxh6 Nc6 19. h7 Nxf1 20. Kxf1 Bd7 21. Rxb7 O-O-O 22. Rb3 Qe7 23. Nf3 Bh8 24. Qe2 Nb8 25. Qc4+ Bc6 26. Rxb8+ Kxb8 27. Qxc6 Rc8 28. Qb6+ Qb7 29. Qxb7+ Kxb7 30. Bd4 Bxd4 31. Nxd4 Rh8 32. Kf2 Rxh7 33. Ne4 Kb6 34. Nf3 Rh5 35. Nf6 Ra5 36. Nd4 Rxa2 37. Ke3 a5 38. Nd7+ Kc7 39. Ne5 f6 40. Nc4 e5 41. Nb5+ Kc6 42. Na7+ Kc5 43. Kd3 e4+ 44. Kc3 f5 45. g3 Ra1 46. Nc8 Rg1 47. N8d6 Rxg3+ 48. Kb2 a4 49. Nxf5 Rf3 50. Nfe3 Kd4 51. c3+ Kd3 52. Ka3 1-0


[Site "https://www.chess.com"]

[Event "Titled Tuesday Blitz June 20 Early 2023"]
[White "Bazilius, Augustinas"]
[Black "ATM622"]
[WhiteFideId "12832251"]
[WhiteElo "1980"]
[BlackElo "2606"]
[Result "0-1"]
[Round "3"]
[TimeControl "180+2"]
[Date "2023.06.20"]
[WhiteClock "0:00:01"]
[BlackClock "0:00:09"]
[Board "117"]

1. d4 Nf6 2. c4 e6 3. Nf3 d5 4. g3 dxc4 5. Bg2 Bd7 6. Ne5 Bc6 7. Nxc6 Nxc6 8. e3 Qd7 9. O-O O-O-O 10. Qa4 Nd5 11. Qxc4 h5 12. Nc3 h4 13. a4 f5 14. a5 a6 15. Nxd5 exd5 16. Qe2 Bd6 17. Qf3 Ne7 18. Bd2 g5 19. b4 g4 20. Qe2 hxg3 21. hxg3 Ng6 22. Rfb1 Rde8 23. Qd3 Re4 24. b5 axb5 25. a6 bxa6 26. Rxa6 Kd8 27. Ra8+ Ke7 28. Rxh8 Nxh8 29. Bxe4 fxe4 30. Qxb5 Qf5 31. Bb4 Nf7 32. Bxd6+ cxd6 33. Qb8 Kf6 34. Rb7 Qg6 35. Qf8 Qg7 36. Qe7+ Kg6 37. Qe6+ Qf6 38. Qxg4+ Ng5 39. Rb8 Qf7 40. Qh4 Nf3+ 41. Kg2 Nxh4+ 42. gxh4 Qf3+ 43. Kg1 Kh5 44. Rh8+ Kg4 45. Rg8+ Kxh4 46. Rh8+ Kg4 47. Rg8+ Kh5 48. Rh8+ Kg6 49. Rg8+ Kf7 50. Rg3 Qd1+ 51. Kg2 Kf6 52. Rh3 Qg4+ 53. Rg3 Qh5 54. Rg8 Ke7 55. Rg7+ Kd8 56. Rg3 Kc7 57. Rg7+ Kc6 58. Rg3 Kb5 59. Rg8 Kc4 60. Rg3 Kd3 61. Kf1 Qh1+ 62. Rg1 Qh3+ 63. Ke1 Qf3 64. Rg3 Qe2# 0-1


[Site "https://www.chess.com"]

[Event "Titled Tuesday Blitz June 20 Early 2023"]
[White "Principe, Alexander"]
[Black "Kumsiashvili, Nikoloz"]
[WhiteFideId "3804542"]
[BlackFideId "13600621"]
[WhiteElo "2203"]
[BlackElo "2299"]
[Result "0-1"]
[Round "3"]
[TimeControl "180+2"]
[Date "2023.06.20"]
[WhiteClock "0:00:40"]
[BlackClock "0:00:08"]
[Board "118"]

1. e4 c5 2. Nf3 e6 3. d4 cxd4 4. Nxd4 Nc6 5. Nc3 Qc7 6. Be3 a6 7. Qd2 Nf6 8. f3 Bb4 9. O-O-O Ne5 10. Nb3 b5 11. Qd4 Be7 12. f4 Nc6 13. Qd3 d6 14. Kb1 O-O 15. Nd4 Bb7 16. Nxc6 Bxc6 17. a3 Rab8 18. Be2 a5 19. b4 axb4 20. axb4 Ra8 21. Kb2 d5 22. e5 Nd7 23. Na2 Ra4 24. c3 Rfa8 25. Nc1 Nb6 26. Qd4 Nc4+ 27. Bxc4 bxc4 28. Qb6 Qxb6 29. Bxb6 Bxb4 30. Bd4 Ba3+ 31. Kc2 Rb8 32. Rd2 Bf8 33. Kd1 Ra1 34. Ra2 Ba4+ 35. Kd2 Rxa2+ 36. Nxa2 Rb2+ 37. Ke3 Rxa2 38. Rb1 Bb3 39. g4 g6 40. h4 h5 41. gxh5 gxh5 42. Rg1+ Kh7 43. f5 exf5 44. Kf4 Bc2 45. e6 fxe6 46. Ke5 Bg7+ 47. Kxe6 Bxd4 48. cxd4 Be4 49. Kf6 Ra6+ 50. Kf7 c3 51. Rg7+ Kh6 52. Rg8 f4 53. Rh8+ Bh7 54. Rc8 c2 55. Kf8 Rf6+ 56. Ke7 Rb6 57. Kf7 f3 58. Ke7 f2 59. Rf8 c1=Q 60. Rxf2 Qc7+ 61. Kf8 Rb8# 0-1


[Site "https://www.chess.com"]

[Event "Titled Tuesday Blitz June 20 Early 2023"]
[White "Mendez Fortes, Eduardo Jesus"]
[Black "Titichoca Daza, Daniel"]
[WhiteFideId "3502376"]
[BlackFideId "3309550"]
[WhiteElo "2307"]
[BlackElo "2101"]
[Result "0-1"]
[Round "3"]
[TimeControl "180+2"]
[Date "2023.06.20"]
[WhiteClock "0:00:00"]
[BlackClock "0:00:05"]
[Board "119"]

1. e4 e5 2. Nf3 Nc6 3. Bb5 a6 4. Ba4 Nf6 5. O-O b5 6. Bb3 Bc5 7. a4 Rb8 8. c3 d6 9. d4 Bb6 10. a5 Ba7 11. h3 h6 12. Be3 O-O 13. Qd3 exd4 14. cxd4 Nb4 15. Qc3 c5 16. Nbd2 Bb7 17. dxc5 dxc5 18. Rad1 Qe7 19. Nh4 Nxe4 20. Nf5 Qf6 21. Nxe4 Qxf5 22. Ng3 Qg6 23. Bf4 Rbd8 24. Rxd8 Rxd8 25. Bd1 Nd5 26. Qc1 c4 27. Bf3 Nxf4 28. Qxf4 Bxf3 29. Qxf3 Kh7 30. Qb7 Bd4 31. Kh2 Be5 32. f4 Bxb2 33. f5 Qf6 34. Nh5 Qe5+ 35. Kh1 Rd2 36. Qxf7 Qe2 37. Qg6+ Kh8 38. Rg1 Rd1 39. f6 Rxg1+ 40. Kxg1 Bd4+ 0-1


[Site "https://www.chess.com"]

[Event "Titled Tuesday Blitz June 20 Early 2023"]
[White "Iskusnyh, Sergei"]
[Black "Heinemann, Josefine"]
[WhiteFideId "4120027"]
[BlackFideId "12900460"]
[WhiteElo "2492"]
[BlackElo "2342"]
[Result "1-0"]
[Round "3"]
[TimeControl "180+2"]
[Date "2023.06.20"]
[WhiteClock "0:00:46"]
[BlackClock "0:00:01"]
[Board "120"]

1. d4 d5 2. c4 c6 3. Nf3 Nf6 4. e3 Bf5 5. Nc3 e6 6. Nh4 Be4 7. f3 Bg6 8. Bd2 Nbd7 9. Nxg6 hxg6 10. Qc2 Qc7 11. O-O-O dxc4 12. Bxc4 b5 13. Bxe6 fxe6 14. Nxb5 Qb6 15. Qxg6+ Kd8 16. Nc3 Rb8 17. Qc2 Be7 18. Kb1 Ke8 19. Ne4 Nxe4 20. fxe4 Nf6 21. e5 Ne4 22. Bc1 Ba3 23. Ka1 Rf8 24. Rhf1 Rxf1 25. Rxf1 Qb5 26. Rd1 Ng5 27. bxa3 Rb7 28. h4 Nf7 29. a4 Qa6 30. Ba3 Nd8 31. h5 Kd7 32. g4 Kc8 33. g5 Rc7 34. Bd6 Rb7 35. h6 gxh6 36. gxh6 Qa5 37. Rc1 Qa6 38. h7 Qa5 1-0


[Site "https://www.chess.com"]

[Event "Titled Tuesday Blitz June 20 Early 2023"]
[White "Grossboss19"]
[Black "Kononenko, Dmitry"]
[BlackFideId "14113538"]
[WhiteElo "2445"]
[BlackElo "2198"]
[Result "0-1"]
[Round "3"]
[TimeControl "180+2"]
[Date "2023.06.20"]
[WhiteClock "0:01:00"]
[BlackClock "0:00:42"]
[Board "121"]

1. d4 Nf6 2. c4 c5 3. d5 b5 4. cxb5 a6 5. bxa6 g6 6. Nc3 Bg7 7. e3 O-O 8. Nf3 e6 9. dxe6 fxe6 10. Bd3 d5 11. O-O Bxa6 12. Rb1 Nc6 13. b3 Bxd3 14. Qxd3 Nb4 15. Qe2 Ne4 16. Nxe4 dxe4 17. Nd2 Rxa2 18. Qc4 Rxd2 19. Qxe6+ Kh8 20. Bxd2 Qxd2 21. Qxe4 Qd5 22. Qxd5 Nxd5 23. Rfc1 Nc3 24. Rb2 Rb8 25. Kf1 h6 26. f3 c4 27. b4 Nd5 28. Rbb1 c3 29. b5 Nxe3+ 30. Ke2 Nxg2 31. Rb4 g5 32. Kd3 Nf4+ 33. Kc4 Rc8+ 34. Kb3 Nd3 35. Rc4 Nxc1+ 0-1


[Site "https://www.chess.com"]

[Event "Titled Tuesday Blitz June 20 Early 2023"]
[White "Ilkhomi, Jaloliddin"]
[Black "Prydun, Andriy"]
[WhiteFideId "14700948"]
[BlackFideId "14145898"]
[WhiteElo "2045"]
[BlackElo "2164"]
[Result "1-0"]
[Round "3"]
[TimeControl "180+2"]
[Date "2023.06.20"]
[WhiteClock "0:00:14"]
[BlackClock "0:00:02"]
[Board "122"]

1. Nf3 c5 2. c4 Nc6 3. g3 e5 4. Nc3 d6 5. Bg2 Be6 6. d3 Be7 7. O-O g5 8. Nd5 Bxd5 9. cxd5 Nb4 10. Ne1 h5 11. Nc2 a5 12. a3 Na6 13. Ne3 Nh6 14. Be4 Qd7 15. Nc4 Bd8 16. Qb3 a4 17. Qc3 f6 18. Bg6+ Kf8 19. Bxh5 Ng4 20. Bxg4 Qxg4 21. f3 Qd7 22. Rf2 b5 23. Ne3 Bb6 24. Ng4 Qf7 25. e4 Ra7 26. Be3 f5 27. exf5 Qxf5 28. f4 Qxg4 29. fxe5+ Ke8 30. e6 Rf8 31. Rxf8+ Kxf8 32. Rf1+ Ke8 33. Qh8+ Ke7 34. Rf7# 1-0


[Site "https://www.chess.com"]

[Event "Titled Tuesday Blitz June 20 Early 2023"]
[White "Budrewicz, Krzysztof"]
[Black "Begunov, Konstantin"]
[WhiteFideId "1127950"]
[BlackFideId "4118510"]
[WhiteElo "2230"]
[BlackElo "1993"]
[Result "1-0"]
[Round "3"]
[TimeControl "180+2"]
[Date "2023.06.20"]
[WhiteClock "0:01:05"]
[BlackClock "0:00:00"]
[Board "123"]

1. d4 d5 2. c4 c6 3. Nf3 Nf6 4. Nbd2 Bf5 5. Qb3 Qc7 6. Nh4 Bc8 7. g3 e6 8. Bg2 Be7 9. O-O O-O 10. Nhf3 Nbd7 11. a4 a5 12. Rd1 b6 13. Qc2 Ba6 14. b3 Bb4 15. Bb2 Rac8 16. Rac1 Qb8 17. Ne5 Nxe5 18. dxe5 Nd7 19. f4 Nc5 20. Bd4 Rfd8 21. Bf2 Bxd2 22. Rxd2 dxc4 23. Rxd8+ Rxd8 24. bxc4 Qc7 25. h4 h6 26. Bf3 Qd7 27. Be3 Qc7 28. Kf2 Qd7 29. Rb1 Qc7 30. Rd1 Rxd1 31. Qxd1 Qd7 32. Qxd7 Nxd7 33. Bxc6 Nc5 34. Bxc5 bxc5 35. Bb5 Bb7 36. g4 Kf8 37. f5 Ke7 38. Ke3 Bg2 39. Kf4 Bf1 40. e3 Be2 41. Ba6 Bd3 42. e4 Bc2 43. Bb5 Bd3 44. Ke3 Bf1 45. g5 Bh3 46. Kf4 Bg2 47. f6+ Kf8 48. h5 hxg5+ 49. Kxg5 Bxe4 50. fxg7+ Kxg7 51. h6+ Kh7 52. Kf6 Kxh6 53. Kxf7 Bf5 54. Kf6 Kh5 55. Bd7 Bc2 56. Kxe6 1-0


[Site "https://www.chess.com"]

[Event "Titled Tuesday Blitz June 20 Early 2023"]
[White "Matveeva, Olga"]
[Black "Gontcharov, Vladislav"]
[WhiteFideId "24107018"]
[BlackFideId "4123492"]
[WhiteElo "2009"]
[BlackElo "2420"]
[Result "0-1"]
[Round "3"]
[TimeControl "180+2"]
[Date "2023.06.20"]
[WhiteClock "0:00:01"]
[BlackClock "0:00:36"]
[Board "124"]

1. d4 Nf6 2. c4 c5 3. d5 e6 4. Nc3 exd5 5. cxd5 d6 6. e4 g6 7. h3 Bg7 8. Nf3 O-O 9. Bd3 b5 10. Nxb5 Re8 11. O-O Nxe4 12. Bxe4 Rxe4 13. Bg5 Qd7 14. Nc3 Re8 15. Re1 Na6 16. Ne4 Nc7 17. Nf6+ Bxf6 18. Bxf6 Ba6 19. Qd2 Qf5 20. Bc3 f6 21. Rad1 Rxe1+ 22. Nxe1 Re8 23. g4 Qg5 24. Nf3 Qxd2 25. Rxd2 Kf7 26. g5 f5 27. Kg2 Bb7 28. Kg3 Nxd5 29. h4 Re4 30. Nh2 Ke6 31. f3 Ra4 32. Bg7 Rxa2 33. Re2+ Kd7 34. h5 a5 35. h6 a4 36. Nf1 a3 37. f4 c4 38. Nh2 c3 0-1


[Site "https://www.chess.com"]

[Event "Titled Tuesday Blitz June 20 Early 2023"]
[White "Goudriaan, Etienne"]
[Black "Van Foreest, Machteld"]
[WhiteFideId "1021150"]
[BlackFideId "1051563"]
[WhiteElo "2318"]
[BlackElo "2018"]
[Result "1-0"]
[Round "3"]
[TimeControl "180+2"]
[Date "2023.06.20"]
[WhiteClock "0:00:12"]
[BlackClock "0:00:05"]
[Board "125"]

1. e4 c5 2. Nf3 e6 3. d4 cxd4 4. Nxd4 Nc6 5. Bf4 Nf6 6. Nb5 e5 7. Bg5 h6 8. Bxf6 gxf6 9. N1c3 d6 10. Nd5 Qa5+ 11. b4 Nxb4 12. Ndc7+ Kd8 13. c3 Rb8 14. Qd2 Nc6 15. Rd1 a6 16. Nxa6 bxa6 17. Nxd6 Kc7 18. Bc4 Bg4 19. f3 Rd8 20. fxg4 Rxd6 21. Bd5 h5 22. O-O Bh6 23. Qf2 Qb6 24. Qxb6+ Kxb6 25. Rb1+ Kc7 26. gxh5 Be3+ 27. Kh1 Rxh5 28. Rb3 Rh8 29. Rfb1 Rb8 30. Rxb8 Nxb8 31. Rb7+ Kc8 32. Rxf7 Rb6 33. h4 Nd7 34. Kh2 Bf4+ 35. Kh3 Rb1 36. Kg4 Rg1 37. Kf5 Rxg2 38. Ke6 Kc7 39. Rxd7+ Kb6 40. Rb7+ Kc5 41. a4 Rg8 42. a5 Rf8 43. Rc7+ Kb5 44. Bc4+ Kxa5 45. Rc6 Ra8 46. Kxf6 Bd2 47. h5 Bxc3 48. h6 Rh8 49. Kg7 1-0


[Site "https://www.chess.com"]

[Event "Titled Tuesday Blitz June 20 Early 2023"]
[White "zsizsi99"]
[Black "Arencibia Monduy, Antonio"]
[BlackFideId "3507939"]
[WhiteElo "2440"]
[BlackElo "2588"]
[Result "0-1"]
[Round "3"]
[TimeControl "180+2"]
[Date "2023.06.20"]
[WhiteClock "0:00:11"]
[BlackClock "0:01:18"]
[Board "126"]

1. e4 e6 2. d4 d5 3. Nd2 dxe4 4. Nxe4 Nd7 5. Nf3 Ngf6 6. Qe2 Nxe4 7. Qxe4 Nf6 8. Qe2 Be7 9. Bd2 O-O 10. O-O-O b6 11. h4 Bb7 12. h5 h6 13. g4 Qd5 14. Bg2 Qxa2 15. Bc3 Ne4 16. Qxe4 Bxe4 17. Kd2 Qd5 18. Rh3 Bg5+ 19. Ke2 Rad8 20. Ra1 c5 21. Rg3 cxd4 22. Bxd4 Bxf3+ 0-1


[Site "https://www.chess.com"]

[Event "Titled Tuesday Blitz June 20 Early 2023"]
[White "Hajiyev, Kanan"]
[Black "Ansh M Shah"]
[WhiteFideId "13404148"]
[BlackFideId "25033379"]
[WhiteElo "2115"]
[BlackElo "2084"]
[Result "1-0"]
[Round "3"]
[TimeControl "180+2"]
[Date "2023.06.20"]
[WhiteClock "0:00:18"]
[BlackClock "0:00:45"]
[Board "127"]

1. d4 c6 2. Nf3 d5 3. c4 Nf6 4. cxd5 cxd5 5. Nc3 Nc6 6. Bg5 Bf5 7. Bxf6 exf6 8. Qb3 Nb4 9. Rc1 a5 10. a3 a4 11. Nxa4 Qa5 12. Nc3 Nc2+ 13. Rxc2 Bxc2 14. Qxc2 Bd6 15. e3 O-O 16. Bd3 Rfc8 17. Bxh7+ Kh8 18. Bf5 Rc7 19. O-O b5 20. Qb3 g6 21. Bd3 b4 22. axb4 Qxb4 23. Qxb4 Bxb4 24. Nxd5 Rb7 25. Nxf6 Ra2 26. b3 Be7 27. Nd5 Rb2 28. Nxe7 Rxe7 29. Bc4 Ra7 30. Ne5 Kg7 31. Nxf7 Raa2 32. Ne5 Kf6 33. Ng4+ Kg5 34. h3 Kh4 35. Kh2 Kg5 36. d5 Kf5 37. Re1 Rd2 38. e4+ Kg5 39. e5 Ra7 40. d6 Kh4 41. e6 Rxd6 42. e7 Rxe7 43. Rxe7 Kg5 44. g3 Rd2 45. Re5# 1-0


[Site "https://www.chess.com"]

[Event "Titled Tuesday Blitz June 20 Early 2023"]
[White "Balla, Tamas-Kristof"]
[Black "Moksh Amit Doshi"]
[WhiteFideId "1208497"]
[BlackFideId "25064967"]
[WhiteElo "2334"]
[BlackElo "2297"]
[Result "1/2-1/2"]
[Round "3"]
[TimeControl "180+2"]
[Date "2023.06.20"]
[WhiteClock "0:00:11"]
[BlackClock "0:00:17"]
[Board "128"]

1. e4 c5 2. Nf3 d6 3. d4 cxd4 4. Qxd4 Nf6 5. h3 Nc6 6. Qe3 g6 7. Be2 Bg7 8. O-O O-O 9. Rd1 Be6 10. c4 Nb4 11. Nd4 Bd7 12. a3 Nc6 13. Nxc6 Bxc6 14. Nc3 a6 15. Rb1 Nd7 16. Nd5 b5 17. b3 Rb8 18. Bb2 Bxb2 19. Rxb2 Bxd5 20. exd5 bxc4 21. Bxc4 a5 22. a4 Ne5 23. Bb5 Rc8 24. Re2 Qc7 25. f4 Nd7 26. Qxe7 Nc5 27. Qf6 Nxb3 28. Kh1 Qc3 29. Qxd6 Nd4 30. Re7 Nf5 31. Qe5 Nxe7 32. Qxe7 Qc2 33. Qe1 Qf5 34. d6 Qxf4 35. d7 Rcd8 36. Qxa5 h5 37. Qb6 h4 38. Qd6 Qg5 39. Qd5 Qg3 40. Rc1 Ra8 41. Rd1 Rfd8 42. Bc6 Rab8 43. Bb5 Kg7 44. Qd6 Qg5 45. Qd4+ Qf6 46. Qd5 Qe7 47. Qd4+ Kg8 48. Qf4 Rb6 49. Qf2 Re6 50. Rf1 Rb8 51. Bc4 Qxd7 52. Bxe6 Qxe6 53. Qxh4 Rb2 54. Qf4 Qa2 55. a5 Rxg2 56. Qxf7+ Qxf7 57. Rxf7 Ra2 58. Ra7 g5 59. a6 Kh8 60. Ra8+ Kg7 61. a7 Kh7 62. Kg1 Kg7 63. Kf1 Kh7 64. Ke1 Kg7 65. Kd1 Kh7 66. Kc1 Kg7 67. Kb1 Ra6 68. Kb2 Kh7 69. Kb3 Kg7 70. Kb4 Ra1 71. Kb5 Kh7 72. Kb6 Rb1+ 73. Kc7 Rc1+ 74. Kd6 Rd1+ 75. Ke5 Ra1 76. Kf5 Ra5+ 77. Kg4 Kg7 78. Kf3 Ra4 79. Kg3 Kh7 80. Kf3 Kg7 81. Ke3 Kh7 82. Kd2 Kg7 83. Kc2 Kh7 84. Kb3 Ra1 85. Kb4 Kg7 86. Kc5 Kh7 87. Kd6 Kg7 88. Kc7 Ra2 89. Kb7 Rb2+ 90. Kc6 Rc2+ 91. Kd5 Ra2 92. Ke5 Ra5+ 93. Ke6 Ra6+ 94. Kf5 Ra5+ 95. Kg4 Kh7 96. Rb8 Rxa7 97. Kxg5 Ra5+ 98. Kh4 Ra4+ 99. Kg3 Ra3+ 1/2-1/2


[Site "https://www.chess.com"]